 Dungeon Crawl Stone Soup version 0.18-a0-1685-g4482fe3 (webtiles) character file.

549 imbaray the Shooter (level 7, -3/45 HPs)
             Began as a High Elf Hunter on Apr 4, 2016.
             Slain by an orc
             ... wielding a +0 trident
              (6 damage)
             ... on level 5 of the Dungeon.
             The game lasted 00:12:59 (4175 turns).

imbaray the Shooter (High Elf Hunter)               Turns: 4175, Time: 00:13:00

Health: -3/45      AC:  6    Str: 11    XL:     7   Next: 7%
Magic:  8/8        EV: 14    Int: 16    God:
Gold:   318        SH:  0    Dex: 17    Spells: 0 memorised, 6 levels left

rFire  + . .     SeeInvis .     p - +0 rapier
rCold  . . .     Gourm    .     v - +0 leather armour
rNeg   . . .     Faith    .     (no shield)
rPois  .         Spirit   .     l - +0 helmet
rElec  .         Dismiss  .     (no cloak)
rCorr  .         Reflect  .     (no gloves)
SustAt .         Harm     .     m - +1 pair of boots
MR     .....                    (no amulet)
Stlth  +++.......               (no ring)
                                y - ring of protection from fire

@: not resistant to hostile enchantments, fairly stealthy
A: no striking features
a: no special abilities


You were on level 5 of the Dungeon.
You were not hungry.

You visited 1 branch of the dungeon, and saw 5 of its levels.

You collected 318 gold pieces.

Inventory:

Hand Weapons
 a - a +1 shortbow
 p - a +0 rapier (weapon)
Missiles
 d - 24 arrows
 g - 2 throwing nets
 i - 15 javelins (quivered)
Armour
 b - a +0 leather armour
 l - a +0 helmet (worn)
 m - a +1 pair of boots (worn)
 v - a +0 leather armour (worn)
Jewellery
 y - a ring of protection from fire (left hand)
Scrolls
 h - a scroll of blinking
 s - a scroll of recharging
 w - a scroll of magic mapping
 x - a scroll of amnesia
Potions
 e - 3 potions of heal wounds
 j - 3 potions of might
 k - a potion of cure mutation
 n - 2 potions of cancellation {unknown}
 o - a potion of berserk rage {unknown}
 q - a potion of beneficial mutation {unknown}
 r - 3 potions of curing {unknown}
Comestibles
 c - a meat ration
 f - 3 bread rations
 t - a beef jerky
 u - 3 fruits
 z - a slice of pizza


   Skills:
 - Level 2.0 Fighting
 + Level 4.2 Short Blades
 + Level 7.2 Bows
 + Level 4.5 Dodging
 + Level 4.4 Stealth


You had 6 spell levels left.
You didn't know any spells.

Dungeon Overview and Level Annotations

Branches:
Dungeon (5/15)
 Temple: D:4-7

Altars:
Ashenzari
Elyvilon
Pakellas
Qazlal
Trog

Annotations:
D:3 Grinder


Message History

The orc barely misses you. The crimson imp misses you.
You hit the crimson imp but do no damage.
The crimson imp is moderately wounded.
The orc barely misses you.
The crimson imp hits you but does no damage.
You miss the crimson imp.
The crimson imp is moderately wounded.
The orc closely misses you.
The crimson imp hits you but does no damage.
You hit the crimson imp but do no damage.
The crimson imp is moderately wounded.
The orc closely misses you. The crimson imp barely misses you.
You barely miss the crimson imp.
The crimson imp is lightly wounded.
The orc closely misses you.
The crimson imp blinks!
The orc hits you but does no damage.
You see here 5 arrows.
The phantom blinks!
The orc hits you from afar with a trident.
You die...

#..# #### #. .....#
#..###...## #. ......
#.........## ##
......# #..........# #
....... #..........##
#
.......###...........#
........#..#.........#
........#..#.........#
..(.>.§@§..#..........
......(....##...[.....
......5o...###########
..)........#
.(((.......#
.(.....W...#
............
....(........


You could see a phantom, a crimson imp and an orc.

Vanquished Creatures
  A giant frog (D:3)
  A howler monkey (D:5)
  2 hounds
  A giant frog skeleton (D:5)
  A centaur skeleton (D:4)
  2 orc priests (D:5)
  Terence (D:2)
  3 worker ants
  4 adders
  4 gnolls (D:3)
  A shadow imp (D:5)
  3 oozes
  An adder skeleton (D:5)
  A worm (D:2)
  2 dart slugs (D:3)
  3 giant geckos
  5 orcs
  A giant cockroach (D:1)
  5 goblins
  9 hobgoblins
  4 jackals (D:1)
  A quokka (D:3)
  A ball python (D:3)
  6 bats
  A giant cockroach zombie (D:5)
  5 kobolds
  4 rats
73 creatures vanquished.

Vanquished Creatures (others)
  A bat (D:2)
1 creature vanquished.

Grand Total: 74 creatures vanquished

Notes
Turn   | Place    | Note
--------------------------------------------------------------
     0 | D:1      | imbaray the High Elf Hunter began the quest for the Orb.
     0 | D:1      | Reached XP level 1. HP: 14/14 MP: 2/2
   125 | D:1      | Reached XP level 2. HP: 19/19 MP: 3/3
   572 | D:1      | Reached skill level 1 in Short Blades
   599 | D:1      | Reached XP level 3. HP: 24/24 MP: 4/4
  1067 | D:2      | Found a white marble altar of Elyvilon.
  1383 | D:2      | Reached XP level 4. HP: 29/29 MP: 5/5
  1472 | D:2      | Noticed Terence
  1494 | D:2      | HP: 1/29 [Terence/morningstar (3)]
  1496 | D:2      | Killed Terence
  1496 | D:2      | Reached skill level 6 in Bows
  1810 | D:2      | Found a shattered altar of Ashenzari.
  2121 | D:3      | Noticed a giant frog
  2127 | D:3      | Killed a giant frog
  2127 | D:3      | Reached XP level 5. HP: 34/34 MP: 6/6
  2356 | D:3      | Found a stormy altar of Qazlal.
  2394 | D:3      | Noticed Grinder
  2395 | D:3      | Paralysed by Grinder for 2 turns
  2889 | D:3      | Found a bloodstained altar of Trog.
  2890 | D:3      | Found an oddly glowing altar of Pakellas.
  3040 | D:4      | Reached XP level 6. HP: 30/39 MP: 7/7
  3687 | D:5      | Entered Level 5 of the Dungeon
  3721 | D:5      | Reached skill level 7 in Bows
  4083 | D:5      | Reached XP level 7. HP: 45/45 MP: 8/8
  4168 | D:5      | HP: 2/45 [orc/trident (2)]
  4175 | D:5      | Slain by an orc

Vault maps used:
D:1:      minmay_arrival_open_corners
D:2:      ashenzari_altar_1, elyvilon_altar_4, uniq_terence
D:3:      lemuel_coloured_pillars_altar, gammafunk_temple_overflow_statue,
          st_stairs_12, uniq_grinder
D:4:      lemuel_upstairs_altar, kennysheep_small_spiral
D:5:      first_bread, basic_altar, serial_bayou_pond_e, nrook_mini_backslash

Skill      XL: |  1  2  3  4  5  6 |
---------------+-------------------+-----
Short Blades   | 1 2 3 4 |  4.2
Stealth        | 2 3 4 |  4.4
Dodging        | 3 4 |  4.5
Bows           | 6 7 |  7.2
Fighting       | |  2.0

Action                   |  1- 3 |  4- 6 |  7- 9 || total
-------------------------+-------+-------+-------++-------
Melee: Short sword       |    25 |       |       ||    25
       Rapier            |     3 |   133 |     6 ||   142
       Shortbow          |       |       |     1 ||     1
 Fire: Shortbow          |    69 |    76 |    25 ||   170
  Use: Scroll            |       |    11 |       ||    11
       Potion            |       |     1 |       ||     1
 Stab: Sleeping          |       |     4 |       ||     4
  Eat: Chunk             |     1 |     2 |       ||     3
       Pizza             |       |     1 |       ||     1
       Beef jerky        |       |     1 |       ||     1
       Meat ration       |       |     1 |       ||     1
